Cogmind - Beta 15 @@@ ROGUE MODE // 2025.09.25 @ 02:41:46 Player: kiul Result: Destroyed by G-34 Mercenary with Small Laser Performance ------------- Evolutions (1) 500 Regions Visited (2) 400 Robots Destroyed (22) 110 Value Destroyed (496) 496 Prototype IDs (2) 40 Alien Tech Used (0) 0 Bonus (0) 0 TOTAL SCORE: 1546 Bonus ------- None Cogmind --------- Core Integrity 0/400 Matter 300/300 Energy 99/100 System Corruption 0% Temperature Cool (34) Movement Core (200) Ox3 Location -9/Materials Parts ------- > --- POWER (1) -------- (None) > --- PROPULSION (3) --- (None) > --- UTILITY (3) ------ Medium Storage Unit Hacking Suite > --- WEAPON (2) ------- (None) > --- INVENTORY (10) --- Improved Heat Sink Utility Shielding Hacking Suite Hacking Suite Peak State ------------ > --- POWER ------------ Light Ion Engine > --- PROPULSION ------- Aluminum Leg Aluminum Leg Improved Aluminum Leg > --- UTILITY ---------- Medium Storage Unit Hardened Medium Armor Plating Hacking Suite > --- WEAPON ----------- Beam Rifle Beam Rifle > --- INVENTORY -------- Improved Heat Sink Utility Shielding Hacking Suite Hacking Suite [Rating: 17] Favorites ----------- Power Light Ion Engine Engine Light Ion Engine Power Core Light Nuclear Core Propulsion Aluminum Leg Leg Aluminum Leg Utility Medium Storage Unit Device Seismic Detector Storage Medium Storage Unit Hackware Hacking Suite Protection Hardened Medium Armor Plating Weapon Assault Rifle Energy Gun Small Laser Ballistic Gun Assault Rifle Build | -11 -10 -9 ------- Run | Yrd Mat Mat Slots Evolved 2 | . . 2 Power . | . . . Propulsion 1 | . . 1 Utility 1 | . . 1 Weapon . | . . . Parts Attached 24 | 7 2 15 Power 4 | 1 1 2 Engine 3 | 1 . 2 Core 1 | . 1 . Reactor . | . . . Propulsion 7 | 2 . 5 Treads . | . . . Leg 7 | 2 . 5 Wheel . | . . . Hover . | . . . Flight . | . . . Utility 7 | 2 1 4 Device 1 | 1 . . Storage 2 | 1 1 . Processor . | . . . Hackware 1 | . . 1 Protection 3 | . . 3 Artifact . | . . . Weapon 6 | 2 . 4 Energy Gun 4 | 1 . 3 Energy Cannon . | . . . Ballistic Gun 2 | 1 . 1 Ballistic Cannon . | . . . Launcher . | . . . Special Weapon . | . . . Impact Weapon . | . . . Slashing Weapon . | . . . Piercing Weapon . | . . . Special Melee Weapon . | . . . Unidentified Prototypes . | . . . Parts Lost 16 | . . 16 Power 3 | . . 3 Propulsion 5 | . . 5 Utility 3 | . . 3 Weapon 5 | . . 5 Highest Loss Streak 7 | . . 7 To Critical Strikes . | . . . Average Backups 6 | 1 7 7 Power 1 | 1 2 1 Propulsion . | . 1 . Utility 3 | . 2 4 Weapon 1 | . 1 1 Tool/Special . | . . . Unused Backups 8 | . 2 6 Power . | . . . Propulsion 2 | . 2 . Utility 6 | . . 6 Weapon . | . . . Tool/Special . | . . . Average Slot Usage (%) 94 | . 100 90 Engine 7 | . 10 5 Core 4 | . 3 4 Leg 29 | . 28 30 Device 9 | . 14 5 Storage 12 | . 14 11 Hackware 1 | . . 1 Protection 5 | . . 9 Energy Gun 12 | . 14 11 Ballistic Gun 11 | . 14 8 Peak Build Rating 17 | 7 10 17 Average Rating 10 | 5 7 13 On Entrance 5 | . 7 10 Naked Turns . | . . . Heaviest Build 29 | 12 19 29 Greatest Support 39 | 20 20 39 Greatest Overweight (x) 3 | 3 . 3 Average Overweight (x) . | . . . Largest Inventory Capacity 10 | 8 10 10 Average Capacity 9 | 7 9 10 Most Carried 10 | 5 10 10 Average Carried 6 | 1 7 7 Final Capacity 10 | 8 10 10 Final Carried 10 | 5 10 4 Class Distribution -------------------- 78% | Mutant 21% | Scavenger-Mutant Dominant Class ---------------- Mutant | -10/Materials Mutant | -9/Materials Resources | -11 -10 -9 ----------- Run | Yrd Mat Mat Matter Collected 618 | 141 137 340 Remotely . | . . . Salvage Created 730 | 127 137 466 Parts 49 | 12 9 28 Haulers Intercepted . | . . . Recyclers Shooed 1 | 1 . . Parts Field Recycled . | . . . Retrieved Matter . | . . . Parts Self-Destructed . | . . . Prevented . | . . . Kills | -11 -10 -9 ------- Run | Yrd Mat Mat Combat Hostiles Destroyed 19 | . 5 14 Guns 19 | . 5 14 Classes Destroyed 5 | 2 2 1 Tunneler 2 | 2 . . Recycler 1 | 1 . . Swarmer 10 | . 3 7 Grunt 5 | . 2 3 Sentry 4 | . . 4 Best Kill Streak 4 | 3 3 4 Combat Bots Only 4 | . 3 4 Max Kills in Single Turn 2 | 2 1 1 Gunslinging . | . . . Exploded . | . . . Melee . | . . . Uniques/NPCs Destroyed . | . . . Combat | -11 -10 -9 -------- Run | Yrd Mat Mat Hostile Shots Fired 208 | . 9 199 Missed 42 | . 2 40 Hits 166 | . 7 159 Projectile 166 | . 7 159 Critical Strikes 4 | . . 4 Damage Taken 2225 | . 79 2146 Core 417 | . 15 402 Absorbed by Shields . | . . . Core Remaining (%) 97 | 100 94 . Volleys Fired 84 | 5 11 68 Largest 2 | 2 2 2 Hottest 112 | 60 60 112 Shots Fired 146 | 10 21 115 Gun 146 | 10 21 115 Cannon . | . . . Launcher . | . . . Special . | . . . Kinetic 70 | 5 11 54 Thermal 76 | 5 10 61 Explosive . | . . . Electromagnetic . | . . . Robot Hit Streak 11 | 7 6 11 Robot Miss Streak 5 | 2 2 5 Penetration Max . | . . . Secondary Targets 1 | . . 1 Max Gunslinging Chain 1 | . . 1 Shots Hit Robots 90 | 8 12 70 Core Hits 38 | 4 8 26 Critical Kills . | . . . Critical Parts Destroyed 1 | . . 1 Critical Strikes 6 | . . 6 Burn 5 | . . 5 Destroy 1 | . . 1 Melee Attacks . | . . . Impact . | . . . Slashing . | . . . Piercing . | . . . Sneak Attacks . | . . . Combat Hostiles . | . . . Follow-up Attacks . | . . . Damage Inflicted 1245 | 121 160 964 Guns 1238 | 121 160 957 Cannons . | . . . Explosions . | . . . Melee . | . . . Ramming 7 | . . 7 Kinetic 550 | 62 79 409 Thermal 688 | 59 81 548 Explosive . | . . . Electromagnetic . | . . . Impact . | . . . Slashing . | . . . Piercing . | . . . Highest Corruption . | . . . Average Corruption . | . . . Corruption Purged . | . . . Corruption Blocked . | . . . Overload Shots . | . . . Overflow Damage . | . . . Projectiles . | . . . Explosions . | . . . Melee . | . . . Knockbacks . | . . . Impact . | . . . Kinetic . | . . . Secondary . | . . . Self-Inflicted Damage 1 | . . 1 Shots . | . . . Rammed 1 | . . 1 Targets Rammed 8 | . . 8 Kicked 7 | . . 7 Crushed . | . . . Highest Temperature 404 | . 27 404 Average Temperature 146 | . 18 150 Received Heat Transfer 933 | . 27 906 Effects 8 | . . 8 Interference 7 | . . 7 Damage (minor) 1 | . . 1 Siege Activations . | . . . Martial Activations . | . . . Shielding Activations . | . . . Robots Disrupted . | . . . Combat Hostiles . | . . . Robots Corrupted . | . . . Combat Hostiles . | . . . Parts Fried . | . . . Impact Corruptions 1 | . . 1 Robots Melted . | . . . Combat Hostiles . | . . . Parts Melted 9 | . . 9 Heat Transferred 2065 | 125 175 1765 Parts Sabotaged . | . . . Parts Stolen . | . . . Parts Stripped . | . . . Power Chain Reactions . | . . . Alert | -11 -10 -9 ------- Run | Yrd Mat Mat Maximum Alert Level . | . . . Low Security (%) 100 | 100 100 100 Level 1 . | . . . Level 2 . | . . . Level 3 . | . . . Level 4 . | . . . Level 5 . | . . . High Security . | . . . Max Security . | . . . Peak Influence 119 | 15 71 119 Initial 15 | . . 15 Average 27 | 1 25 35 Influence Increases 551 | 15 148 388 Destroy 0b10 Robot/C 380 | . 100 280 Destroy 0b10 Robot/NC 15 | 15 . . Destroy Leader 100 | . 20 80 Successful Hack 22 | . 12 10 Destroy Structure 4 | . 1 3 Partial Spotted 15 | . 15 . Lose Combat Pursuer 15 | . . 15 Influence Decreases 536 | 15 111 410 Entered New Map 22 | . . 22 Time Decay 322 | 15 111 196 Lost Part 81 | . . 81 Purge Threat 111 | . . 111 Squads Dispatched 2 | . . 2 Investigation . | . . . Extermination . | . . . Reinforcement 2 | . . 2 Assault . | . . . Garrison . | . . . Intercept . | . . . Searches Triggered . | . . . Construction Impeded . | . . . Haulers Reinforced . | . . . Active Scanning Responses . | . . . Cargo Convoy Interrupts . | . . . Stealth | -11 -10 -9 --------- Run | Yrd Mat Mat Distress Signals 6 | . 1 5 Communications Jammed . | . . . Distress Signals . | . . . Times Spotted 29 | . 5 24 Peak Tracking Total 6 | . 4 6 Tactical Retreats 1 | . . 1 Traps | -11 -10 -9 ------- Run | Yrd Mat Mat Traps Triggered . | . . . Indirectly . | . . . Trap Hack Attempts . | . . . Triggered . | . . . Disarmed . | . . . Reprogrammed . | . . . Reused . | . . . Traps Extracted . | . . . Installed . | . . . Triggered . | . . . Machines | -11 -10 -9 ---------- Run | Yrd Mat Mat Machines Disabled . | . . . Max in Single Turn . | . . . Machines Repaired . | . . . Machines Dismantled . | . . . Machines Sabotaged . | . . . Overloaded Fab Kills . | . . . Hacking | -11 -10 -9 --------- Run | Yrd Mat Mat Machines Accessed 6 | . 3 3 Terminals 6 | . 3 3 Fabricators . | . . . Repair Stations . | . . . Recycling Units . | . . . Scanalyzers . | . . . Garrison Access . | . . . Total Hacks 15 | . 6 9 Successful 8 | . 4 4 Failed 7 | . 2 5 Catastrophic 1 | . . 1 Database Lockouts . | . . . Manual 1 | . . 1 Terminals 15 | . 6 9 Fabricators . | . . . Repair Stations . | . . . Recycling Units . | . . . Scanalyzers . | . . . Garrison Access . | . . . Terminal Hacks 8 | . 4 4 Prototype ID Bank 1 | . . 1 Unreport Threat 1 | . . 1 Hauler Manifests 2 | . 1 1 Registered Components 2 | . 1 1 Zone Layout 2 | . 2 . Fabricator Hacks . | . . . Repair Station Hacks . | . . . Recycling Unit Hacks . | . . . Scanalyzer . | . . . Garrison Access Hacks . | . . . Unauthorized Hacks . | . . . Terminals . | . . . Fabricators . | . . . Repair Stations . | . . . Recycling Units . | . . . Scanalyzers . | . . . Garrison Access . | . . . Data Cores Recovered . | . . . Used . | . . . Hacking Detections 4 | . 1 3 Full Trace Events . | . . . Feedback Events . | . . . Feedback Blocked . | . . . Robot Schematics Acquired . | . . . Robots Built . | . . . Authchips . | . . . Time . | . . . Total Robot Build Rating . | . . . Part Schematics Acquired . | . . . Parts Built . | . . . Authchips . | . . . Time . | . . . Total Part Build Rating . | . . . Parts Repaired . | . . . Time . | . . . Parts Recycled . | . . . Recycled Matter . | . . . Retrieved Matter . | . . . Retrieved Components . | . . . Parts Scanalyzed . | . . . Part Schematics Acquired . | . . . Parts Damaged . | . . . Bothacking | -11 -10 -9 ------------ Run | Yrd Mat Mat Used RIF Installer . | . . . Robots Hacked . | . . . Non-combat . | . . . Combat . | . . . Robot Hacks Applied . | . . . Relay Couplers Released . | . . . Fabnet Peak Effective % . | . . . Robots Rewired . | . . . Allies Hacked . | . . . Hacks Repelled . | . . . Allies | -11 -10 -9 -------- Run | Yrd Mat Mat Total Allies . | . . . Largest Group . | . . . Highest-Rated Group . | . . . Highest-Rated Ally . | . . . Total Orders . | . . . Ally Attacks . | . . . Total Damage . | . . . Kills . | . . . Allies Corrupted . | . . . Allies Melted . | . . . Intel | -11 -10 -9 ------- Run | Yrd Mat Mat Active Infowar (turns) 720 | 39 433 248 Seismic 720 | 39 433 248 Robot Analysis Total . | . . . Derelict Logs Recovered . | . . . Drone Launches . | . . . Drone Recoveries . | . . . Exploration | -11 -10 -9 ------------- Run | Yrd Mat Mat Turns Passed 1115 | 120 433 562 Spaces Moved 608 | 78 300 230 Core 29 | 24 . 5 Treads . | . . . Legs 579 | 54 300 225 Wheels . | . . . Hover . | . . . Flight . | . . . Fastest Speed 50 | 50 120 120 Average Speed 123 | 115 120 129 Slowest Speed 260 | 200 120 260 Overloaded Moves . | . . . Propulsion Burnouts . | . . . Robots Hopped . | . . . Potential Cave-ins . | . . . Cave-ins Triggered . | . . . Exploration Rate (%) 21 | 4 40 21 Regions Visited 2 Branch Regions . Pre-discovered Areas . | . . . Known Exits Taken . | . . . Unknown Exits Taken 2 | 1 1 . Scrap Searched . | . . . Spaces Dug . | . . . Terrain Destroyed . | . . . Melee . | . . . Projectile . | . . . AOE . | . . . Terrain Rammed . | . . . Walls Destroyed . | . . . Machines Disabled . | . . . Actions | -11 -10 -9 --------- Run | Yrd Mat Mat Total 820 | 94 352 374 Wait 67 | . 31 36 Move 606 | 77 299 230 Hop . | . . . Pick Up 17 | 5 6 6 Fast Attach 8 | 7 . 1 Attach 10 | . . 10 Detach . | . . . Swap 10 | . 2 8 Drop 10 | . 3 7 Fire 84 | 5 11 68 Melee . | . . . Ram 1 | . . 1 Kick 7 | . . 7 Crush . | . . . Escape Stasis . | . . . Rewire . | . . . Trap . | . . . Miscellaneous . | . . . Route ------- -11/Scrapyard -10/Materials -9/Materials History --------- Turn | Location | Event 22 | -11/Scrapyard | Discovered new exit (range 15) 121 | -11/Scrapyard | Entered Materials 303 | -10/Materials | Build established: Mutant 453 | -10/Materials | Discovered new exit (range 15) 554 | -10/Materials | Entered another Materials area 554 | -9/Materials | Evolved 2 slots: Propulsion x1, Utility x1 884 | -9/Materials | Core integrity fell below 50% 897 | -9/Materials | Lost 4 parts (1p2u1w) 1108 | -9/Materials | Core integrity fell below 20% 1116 | -9/Materials | Destroyed by G-34 Mercenary with Small Laser Last Messages --------------- 01080_ G-34 Mercenary overheating. 01083_ Beam Rifle destroyed. 01083_ G-34 Mercenary overheating. 01085_ G-34 Mercenary heat damages Ion Engine, Sml. Laser, Aluminum Leg. 01086_ G-34 Mercenary heat damages Sml. Laser, Ion Engine, Aluminum Leg. 01086_ G-34 Mercenary overheating. 01087_ G-34 Mercenary heat short circuits Ion Engine. 01087_ Critical hit (Burn: +37). 01091_ Imp. Aluminum Leg destroyed. 01091_ Kicked G-34 Mercenary. 01094_ Destroyed Aluminum Leg. 01094_ G-34 Mercenary system corrupted by crushing effect. 01096_ Kicked G-34 Mercenary. 01099_ Hrd. Medium Armor Plating destroyed. 01100_ Lgt. Ion Engine destroyed. 01101_ Overheating: Beam Rifle damaged (-23). 01101_ Beam Rifle destroyed. 01101_ Kicked G-34 Mercenary. 01106_ Aluminum Leg destroyed. 01106_ Slammed into G-34 Mercenary. Map ----- +----------------------------------------------------+ | ???# # ## "T #//!! # #?????????? | | ???# # ! ## """ #//! ! # #?????????? | | ???# # ## # # #?????????? | | ???#####+######+######+### ####+####???? ?? | | ????# % #???? "? | | ????# #???? "" | | ????# % #???? | | ????###########+########+###########% ##### | | ?????????# = !# ####### ! | | ?????????# """ # # ! # | | ?????????# "Y" # """ """ # # | | ?????????# # """ """ # # ## | | ?????????########### """ """ # """ # """ #? | | ???????????????????# # """ # " """ #? | | ???????????????????# # """ # T """ #? | | ???????????????????? # # " # | | ???????????????????########### """ + + | | ?????????????????????????????# """ # #? | | ?????????????????????????????# """ # ##? | | ??????????????????????######## ########### #?? | | ??????????????????????# ################## #?? | | ??????????????????????# % #?? | | ??????????????????????# T % ### | | ??????????????????????# g % % | | ??????????????????????# ##/#####+############# | | ??????????????????????## @g## %% % #??????????? | | ???????????????????????# g ## % ""#??????????? | | ???????????????????????# r## "" T"#??????????? | | ???????????????????????# ## """" ""#??????????? | | ???????????????????????# ## """"" #??????????? | | ??????????????????????? # """"" #??????????? | | ??????????????????????# m # """ #??????????? | | ??????????????????????# !# #??????????? | | ??????????????????????# ###########??????????? | | ??????????????????????# [ #????????????????????? | | ??????????????????????## ##????????????????????? | | ???????????????????????# #?????????????????????? | | ???????????????????????# #?????????????????????? | | ???????????????????????# ??????????????????????? | | ???????????????????????? ??????????????????????? | | ???????????????????????? ??????????????????????? | | ??[??????????????????????????????????????????????? | | ?????????????????????????????????????????????????? | | ?????????????????????????????????????????????????? | | ?????????????????????????????????????????????????? | | ?????????????????????????????????????????????????? | | ?????????????????????????????????????????????????? | | ?????????????????????????????????????????????????? | | ?????????????????????????????????????????????????? | | ?????????????????????????????????????????????????? | +----------------------------------------------------+ Best States ------------- Heat Dissipation 28 Energy Generation 14 Energy Capacity 160 Matter Stores 300 Matter Capacity 300 Sight Range 16 Terrain Scan Density 10 Armor Coverage 225 Evasion (%) 55 Offensive Hacking 10 Item Schematics ----------------- None Robot Schematics ------------------ None Fabricated ------------ Nothing Repaired ---------- Nothing Alien Tech Used ----------------- None Achievements -------------- None Challenges ------------ None Game ------ Seed MultinovaActuatorDetector Manual? 0 Play Time 00:19:29 Cumulative 7.2 hours Start 2025.09.25 @ 00:19:53 End 2025.09.25 @ 02:41:46 Sessions 3 Manual Loads 0 Difficulty Rogue Special Mode None Game No. 13 Rogue 13 Adventurer 0 Explorer 0 Win Type - Total 0 Types 0/0/0/0/0/0/0/0/0/0 Lore% 3 Gallery% 11 Achievement% 10 Wizard Run 0 Options --------- Layout 0 ASCII 0 Keyboard 1 Movement Arrows Keybinds 0 Fullscreen 1 Font 24/Smallcaps Map View 76x50 Zoom Use 0% Tactical HUD 1 Map Filters NONE Filters NONE Steam 1 RUN: 39976cf1-ec33-4be8-93d1-d4b82d179b38